 Dungeon Crawl Stone Soup version 0.30-a0-691-g754fce4c43 (webtiles) character file.

Game seed: 7995615699954653281

610 Leeroy the Carver (level 7, -1/40 HPs)
             Began as a Tengu Warper on Jan 19, 2023.
             Slain by Prince Ribbit (10 damage)
             ... on level 6 of the Dungeon.
             The game lasted 00:04:16 (3420 turns).

Leeroy the Carver (Tengu Warper)                    Turns: 3420, Time: 00:04:16

Health: -1/40      AC:  8    Str: 11    XL:     7   Next: 43%
Magic:  11/11      EV: 12    Int: 14    God:
Gold:   307        SH:  0    Dex: 15    Spells: 10/10 levels left

rFire   . . .      SeeInvis .    q - +0 long sword
rCold   . . .      Faith    .    (no shield)
rNeg    . . .      Spirit   .    o - +3 ring mail
rPois   .          Reflect  .    (helmet restricted)
rElec   .          Harm     .    (no cloak)
rCorr   .          Rampage  .    (no gloves)
Will    .....                    (boots unavailable)
Stlth   +                        (no amulet)
HPRegen 0.26/turn                (no ring)
MPRegen 0.12/turn                (no ring)

@: flying quickly and evasively, quick
A: beak, talons 3, nimble flight
a: no special abilities


You were on level 6 of the Dungeon.
You visited 2 branches of the dungeon, and saw 7 of its levels.

You collected 307 gold pieces.

Inventory:

Hand Weapons
 a - a +0 falchion
 q - a +0 long sword (weapon)
 t - a +0 rapier
 v - a +1 dagger of venom
Missiles
 d - 7 boomerangs of dispersal (quivered)
 w - 7 poisoned darts
 z - 6 atropa-tipped darts
 B - 6 javelins
 H - 2 boomerangs
Armour
 b - a +0 leather armour
 o - a +3 ring mail (worn)
Jewellery
 A - the ring "Lehoenit" {rF+++ Str+6 Int-2 Dex+2 Slay-5}
   (You found it on level 4 of the Dungeon)

   [ring of strength]

   Str:       It affects your strength (+6).
   Int:       It affects your intelligence (-2).
   Dex:       It affects your dexterity (+2).
   Slay:      It affects your accuracy & damage with ranged weapons and melee
   (-5).
   rF:        It renders you almost immune to fire.
Scrolls
 c - 2 scrolls of blinking
 e - a scroll of enchant armour {unknown}
 f - a scroll of fear {unknown}
 i - 3 scrolls of poison {unknown}
 l - 2 scrolls of teleportation {unknown}
 m - 2 scrolls of magic mapping {unknown}
 n - 4 scrolls of identify {unknown}
 p - a scroll of torment {unknown}
 r - a scroll of fog {unknown}
 s - a scroll of silence {unknown}
 u - 4 scrolls of noise {unknown}
 y - a scroll of enchant weapon {unknown}
 D - a scroll of immolation {unknown}
Potions
 g - 7 potions of curing {unknown}
 h - a potion of mutation {unknown}
 j - 3 potions of heal wounds {unknown}
 k - 2 potions of ambrosia {unknown}
 x - a potion of magic {unknown}
 C - a potion of flight {unknown}
 E - a potion of invisibility {unknown}
 F - a potion of degeneration {unknown}
 G - a potion of might {unknown}


   Skills:
 - Level 2.0 Fighting
 + Level 8.8 Long Blades
 - Level 1.0 Throwing
 - Level 1.1 Armour
 - Level 2.1 Dodging
 - Level 2.0 Spellcasting
 - Level 2.4 Translocations


You had 10 spell levels left.
You didn't know any spells.
Your spell library contained the following spells:

 Spells                   Type           Power      Damage    Failure   Level
 Blink                    Tloc           16%        N/A       32%         2
 Lesser Beckoning         Tloc           16%        N/A       32%         2
 Teleport Other           Tloc           8%         N/A       54%         3
 Ensorcelled Hibernation  Hex/Ice        2%         N/A       63%         2
 Passwall                 Tmut/Erth      0%         N/A       63%         2
 Vhi's Electric Charge    Tloc/Air       8%         N/A       71%         3
 Swiftness                Air            1%         N/A       86%         3
 Manifold Assault         Tloc           8%         N/A       91%         4


Dungeon Overview and Level Annotations

Branches:
Dungeon (6/15)             Temple (1/1) D:5

Altars:
Ashenzari
Cheibriados
Dithmenos
Elyvilon
Fedhas
Gozag
Hepliaklqana
Kikubaaqudgha
Makhleb
Nemelex Xobeh
Okawaru
Qazlal
Ru
Sif Muna
Trog
Vehumet
Wu Jian
Xom
Yredelemnul
Zin
The Shining One

Shops:
D:1 :

Annotations:
D:3 2 transporters
D:6 Prince Ribbit


Innate Abilities, Weirdness & Mutations

You have a beak for a mouth.
You have claws for feet.
Your magical nature lets you fly swiftly and evasively.


Message History

There is a stone staircase leading up here.
Prince Ribbit comes into view.
Prince Ribbit gives a loud, deep croak!
You hear a loud, deep croak!
A bullfrog comes into view.
There are monsters nearby!
There are monsters nearby!
Prince Ribbit attacks as you move away! Prince Ribbit hits you!
Prince Ribbit catches a blue-tailed skink with his tongue.
You hit Prince Ribbit but do no damage.
You peck Prince Ribbit, but do no damage.
Prince Ribbit says, "You're just another fly to me."
Prince Ribbit blinks!
The bullfrog hits you.
You closely miss Prince Ribbit. You claw Prince Ribbit.
Your peck misses Prince Ribbit.
Prince Ribbit is lightly wounded.
Prince Ribbit hits you but does no damage.
The bullfrog misses you.
You slash Prince Ribbit!
Prince Ribbit is moderately wounded.
The bullfrog hits you but does no damage.
Prince Ribbit closely misses you.
The bullfrog hits you but does no damage.
Prince Ribbit blinks!
You barely miss Prince Ribbit. Your kick misses Prince Ribbit.
You peck Prince Ribbit.
Prince Ribbit is moderately wounded.
The bullfrog barely misses you. Prince Ribbit hits you.
You barely miss Prince Ribbit. Your kick misses Prince Ribbit.
Prince Ribbit is moderately wounded.
The bullfrog hits you but does no damage.
Prince Ribbit barely misses you. The bullfrog hits you.
You closely miss Prince Ribbit. Your kick misses Prince Ribbit.
Prince Ribbit is moderately wounded.
Prince Ribbit hits you!
* * * LOW HITPOINT WARNING * * *
The bullfrog hits you.
* * * LOW HITPOINT WARNING * * *
Prince Ribbit hits you!
You die...

#. ..
#.#..
#.#.# # #
#)#.#.# .#
#.#.#.#..#
#.#......#
#........#
#§F.......
#@###....#
#F####....
#.<.....#.
#######...


You could see Prince Ribbit and a bullfrog.

Vanquished Creatures
  2 black bears (D:5)
  A centaur (D:5)
  A phantom (D:4)
  A hound (D:5)
  2 jellies
  2 iguanas
  7 adders
  3 worms
  2 dart slugs
  An orc (D:5)
  7 endoplasms
  5 giant cockroaches
  3 goblins
  10 hobgoblins
  3 jackals (D:5)
  6 kobolds
  2 quokkas
  6 ball pythons
  4 bats
  A frilled lizard (D:2)
  6 rats
75 creatures vanquished.

Notes
Turn   | Place    | Note
-------+----------+-------------------------------------------
     0 | D:1      | Leeroy the Tengu Warper began the quest for the Orb.
     0 | D:1      | Reached XP level 1. HP: 12/12 MP: 4/4
   127 | D:1      | Found a faded altar of an unknown god.
   181 | D:1      | Reached skill level 3 in Long Blades
   181 | D:1      | Reached XP level 2. HP: 17/17 MP: 6/6
   214 | D:1      | Found Qoynaqu's Book Emporium.
   778 | D:2      | Reached XP level 3. HP: 20/21 MP: 7/7
   790 | D:2      | Reached skill level 4 in Long Blades
  1214 | D:2      | Identified the +0 helmet of Jilemn {rC- Str+5 Dex+8}
  1344 | D:2      | Reached XP level 4. HP: 26/26 MP: 8/8
  1407 | D:3      | Found a transporter.
  1535 | D:3      | Reached skill level 5 in Long Blades
  1602 | D:3      | Found a transporter.
  1880 | D:3      | Noticed an earth elemental
  1882 | D:3      | Found a stormy altar of Qazlal.
  1884 | D:3      | Noticed a fire elemental
  1884 | D:3      | Noticed a water elemental
  1884 | D:3      | Noticed an air elemental
  2063 | D:4      | Gained mutation: Your magical nature lets you fly swiftly
                  | and evasively. [Tengu growth]
  2063 | D:4      | Reached XP level 5. HP: 27/30 MP: 9/9
  2074 | D:4      | Found a shimmering altar of Xom.
  2188 | D:4      | Noticed a phantom
  2203 | D:4      | Killed a phantom
  2204 | D:4      | Reached skill level 6 in Long Blades
  2204 | D:4      | Reached XP level 6. HP: 25/35 MP: 10/10
  2205 | D:4      | Identified the ring "Lehoenit" {rF+++ Str+6 Int-2 Dex+2
                  | Slay-5}
  2391 | D:4      | Found a glowing golden altar of the Shining One.
  2661 | D:5      | Entered Level 5 of the Dungeon
  2699 | D:5      | Reached skill level 7 in Long Blades
  2749 | D:5      | Found a staircase to the Ecumenical Temple.
  2780 | Temple   | Entered the Ecumenical Temple
  3056 | D:5      | Noticed a black bear
  3064 | D:5      | Killed a black bear
  3065 | D:5      | Reached skill level 8 in Long Blades
  3065 | D:5      | Reached XP level 7. HP: 38/40 MP: 11/11
  3410 | D:6      | Noticed Prince Ribbit
  3420 | D:6      | Slain by Prince Ribbit

Illustrated notes

Levels and vault maps discovered:
D:1:      heliophobic_arrival_henge, layout_loops_ring,
          ebering_ecumenical_altar_rust, serial_shops, shop, minmay_statues_item
D:2:      layout_loops_ring, minmay_diced_spiral
D:3:      gammafunk_wand_slinger, layout_rooms, nicolae_qazlal_style_of_elements
D:4:      layout_loops_ring, lemuel_round_altar,
          mainiacjoe_overflow_small_starburst
D:5:      layout_cave_pools, minmay_temple_entry_mini_moons
D:6:      layout_loops_corners, uniq_prince_ribbit1, uniq_blork_the_orc
Temple:   eino_narrow_crystal_temple

Skill      XL: |  1  2  3  4  5  6 |
---------------+-------------------+-----
Long Blades    | 3 4 5 6 8 |  8.8
Fighting       | |  2.0
Throwing       | |  1.0
Armour         | |  1.1
Dodging        | |  2.1
Spellcasting   | |  2.0
Translocations | |  2.4

Action                   |  1- 3 |  4- 6 |  7- 9 || total
-------------------------+-------+-------+-------++-------
Melee: Falchion          |    46 |       |       ||    46
       Kick              |    15 |    36 |     7 ||    58
       Peck              |     7 |    11 |     3 ||    21
       Long sword        |    27 |   107 |    20 ||   154
Armor: Leather armour    |     6 |       |       ||     6
       Ring mail         |    32 |    53 |    13 ||    98
Dodge: Dodged            |    34 |    69 |    13 ||   116

Table legend: (Time is in decaauts)
 A = Elapsed time spent in this place.
 B = Non-inter-level travel time spent in this place.
 C = Inter-level travel time spent in this place.
 D = Time resting spent in this place.
 E = Time spent auto-exploring this place.
 F = Levels seen in this place.
 G = Mean time per level.
                   A        B        C        D        E       F      G
               +--------+--------+--------+--------+--------+-----+--------+
         Total |   3330 |   3156 |    174 |      0 |   2565 |   7 |  475.7 |
       Dungeon |   3160 |   2998 |    162 |      0 |   2419 |   6 |  526.7 |
        Temple |    170 |    159 |     11 |      0 |    145 |   1 |  170.0 |
               +--------+--------+--------+--------+--------+-----+--------+

Top non-repeatable levels by time:
     D:2: 712 daAuts
     D:1: 703 daAuts
     D:4: 680 daAuts
     D:3: 538 daAuts
     D:5: 514 daAuts
  Temple: 170 daAuts
     D:6: 11 daAuts
